 Dungeon Crawl Stone Soup version 0.28-a0-410-gbef64dd269 (webtiles) character file.

Game seed: 11579956405855716858

76 ytrimaz the Insei (level 4, 0/30 HPs)
             Began as an Octopode Transmuter on Sept 6, 2021.
             Constricted to death by a ball python (1 damage)
             ... on level 2 of the Dungeon.
             The game lasted 00:02:33 (2453 turns).

ytrimaz the Insei (Octopode Transmuter)             Turns: 2453, Time: 00:02:34

Health: 0/30       AC:  1    Str: 10    XL:     4   Next: 32%
Magic:  7/7        EV: 10    Int: 15    God:
Gold:   106        SH:  0    Dex: 12    Spells: 5/8 levels left

rFire   . . .      SeeInvis +   b - +0 dagger (elec)
rCold   . . .      Faith    .   (no shield)
rNeg    . . .      Spirit   .   (helmet restricted)
rPois   .          Reflect  .   (no amulet)
rElec   .          Harm     .   a - ring of flight
rCorr   .          Rampage  .   (no ring)
Will    .....                   (no ring)
Stlth   ++........              (no ring)
HPRegen 0.10/turn               (no ring)
MPRegen 0.10/turn               (no ring)
                                (no ring)
                                (no ring)

@: lethally poisoned (0 -> -2), flying, constricted
A: almost no armour, amphibious, 8 rings, camouflage 1, gelatinous body 1,
(nimble swimmer 1), tentacles, see invisible, robust 1
a: no special abilities


You were on level 2 of the Dungeon.
You visited 1 branch of the dungeon, and saw 4 of its levels.

You collected 106 gold pieces.

Inventory:

Hand Weapons
 b - a +0 dagger of electrocution (weapon)
Jewellery
 a - a ring of flight (left tentacle)
Scrolls
 c - 3 scrolls of blinking {unknown}
 d - a scroll of teleportation {unknown}
 g - a scroll of magic mapping {unknown}
 h - a scroll of identify {unknown}


   Skills:
 + Level 1.1 Fighting
 * Level 1.2 Short Blades
 - Level 2.0 Dodging
 - Level 3.6 Unarmed Combat
 + Level 2.6 Spellcasting
 * Level 2.9 Transmutations


You had 5 spell levels left.
You knew the following spells:

 Your Spells              Type           Power      Damage    Failure   Level
a - Beastly Appendage     Tmut           20%        N/A       6%          1
b - Wereblood             Tmut           10%        N/A       10%         2

Your spell library contained the following spells:

 Spells                   Type           Power      Damage    Failure   Level
 Scorch                   Fire           2%         2d5       32%         2
 Spider Form              Tmut/Pois      3%         N/A       34%         3
 Ice Form                 Ice/Tmut       6%         N/A       75%         4
 Flame Wave               Conj/Fire      1%         3d3       91%         4
 Summon Cactus Giant      Summ           0%         N/A       100%        6


Dungeon Overview and Level Annotations

Branches:
Dungeon (4/15)
 Temple: D:4-7

Altars:


Innate Abilities, Weirdness & Mutations

You cannot wear most types of armour.
You are amphibious.
You can wear up to eight rings at the same time.
Your skin changes colour to match your surroundings (Stealth+).
Your rubbery body absorbs attacks. (AC +1, EV +1)
((You are camouflaged near water. (Stealth+)))
You have tentacles for arms and can constrict up to eight enemies at once.
You have supernaturally acute eyesight. (SInv)
You are robust. (+10% HP)


Message History

The adder poisons you!
You escape the ball python's grasp.
You feel sick.
You feel sick.
There is an escape hatch in the floor here.
You feel sick. The ball python bites you. The ball python closely misses you.
You feel sick.
Unknown command.
You feel sick.
You are no longer poisoned.
You miss the adder. Your grab misses the adder. The adder barely misses you.
You barely miss the adder. Your grab misses the adder. The adder bites you.
You are poisoned.
The adder poisons you!
You hit the adder. Lightning courses through the adder!!
You kill the adder!
You feel sick.
You barely miss the ball python. Your grab misses the ball python.
You feel sick. The ball python bites you. The ball python barely misses you.
The ball python bites you.
* * * LOW HITPOINT WARNING * * *
The ball python grabs you. The ball python constricts you.
* * * LOW HITPOINT WARNING * * *
You closely miss the ball python. Your grab misses the ball python.
You feel sick. The ball python closely misses you.
The ball python constricts you.
* * * LOW HITPOINT WARNING * * *
Unknown command.
It was a potion of mutation.
You feel extremely strange.
Your vision sharpens.
You feel robust.
* * * LOW HITPOINT WARNING * * *
You feel sick. The ball python bites you.
* * * LOW HITPOINT WARNING * * *
The ball python constricts you.
* * * LOW HITPOINT WARNING * * *
It was a potion of flight.
You feel more buoyant.
* * * LOW HITPOINT WARNING * * *
You feel sick. The ball python closely misses you.
The ball python constricts you.
You die...

####......># #####
...........# #...## #
##....†...#### ###...## ##.
#.[...†.....# #.......
..).#........##.# #.......
.............##.# #.......
.............##.#######...##
#..####.#.#.#......####...##
#.........#@#.#.##........#
##.####.###S#.#.##..####..#
#....K..#.##..# #...#
#####.#...##..###.#.#
#..)####........# . ##>.#
#.####.##.#
....####.†.####)# #.# ..
.......r.................
............########.#...


You could see a ball python and a kobold.

Vanquished Creatures
  3 adders
  4 endoplasms
  8 goblins
  7 hobgoblins
  4 quokkas
  2 ball pythons
  10 bats
  4 frilled lizards
  2 kobolds (D:1)
  A rat (D:2)
45 creatures vanquished.

Notes
Turn   | Place    | Note
-------+----------+-------------------------------------------
     0 | D:1      | ytrimaz the Octopode Transmuter began the quest for the
                  | Orb.
     0 | D:1      | Reached XP level 1. HP: 13/13 MP: 3/3
   248 | D:1      | Reached XP level 2. HP: 10/18 MP: 5/5
  1066 | D:1      | Reached XP level 3. HP: 21/23 MP: 6/6
  1704 | D:2      | Learned a level 2 spell: Wereblood
  1780 | D:2      | You are sucked into a shaft and drop 2 floors!
  2128 | D:3      | Reached XP level 4. HP: 28/28 MP: 7/7
  2374 | D:2      | Reached skill level 1 in Short Blades
  2452 | D:2      | Gained mutation: You have supernaturally acute eyesight.
                  | (SInv) [potion of mutation]
  2452 | D:2      | Gained mutation: You are robust. (+10% HP) [potion of
                  | mutation]
  2453 | D:2      | HP: 1/30 [poisoned by an adder]
  2453 | D:2      | Constricted to death by a ball python

Illustrated notes

Levels and vault maps discovered:
D:1:      minmay_arrival_wavy_path, layout_loops_corners
D:2:      layout_loops_corners
D:3:      layout_basic, hangedman_abyss_or_decor_stabs
D:4:      layout_loops_ring, minitemple, lemuel_coloured_pillars_altar,
          serial_rivers, chequers_serial_rivers_room_a,
          chequers_serial_rivers_small_3, chequers_serial_rivers_small_b,
          chequers_serial_rivers_micro_b, chequers_serial_rivers_micro_c,
          kennysheep_generic_room_14

Skill      XL: |  1  2  3  4 |
---------------+-------------+-----
Short Blades   | 1 |  1.2
Fighting       | |  1.1
Dodging        | |  2.0
Unarmed Combat | |  3.6
Spellcasting   | |  2.6
Transmutations | |  2.9

Action                   |  1- 3 |  4- 6 || total
-------------------------+-------+-------++-------
Melee: Unarmed           |    11 |       ||    11
       Constrict         |    22 |     2 ||    24
       Tentacles         |     6 |     1 ||     7
       Dagger            |    60 |    18 ||    78
       Punch             |     3 |       ||     3
  Use: Potion            |       |     2 ||     2
 Stab: Sleeping          |     6 |     5 ||    11
Armor: Skin              |    10 |     1 ||    11
Dodge: Dodged            |    60 |     9 ||    69

Table legend: (Time is in decaauts)
 A = Elapsed time spent in this place.
 B = Non-inter-level travel time spent in this place.
 C = Inter-level travel time spent in this place.
 D = Time resting spent in this place.
 E = Time spent auto-exploring this place.
 F = Levels seen in this place.
 G = Mean time per level.
                   A        B        C        D        E       F      G
               +--------+--------+--------+--------+--------+-----+--------+
         Total |   2450 |   2420 |     30 |     75 |   1934 |   4 |  612.5 |
       Dungeon |   2450 |   2420 |     30 |     75 |   1934 |   4 |  612.5 |
               +--------+--------+--------+--------+--------+-----+--------+

Top non-repeatable levels by time:
     D:1: 1412 daAuts
     D:3: 565 daAuts
     D:2: 459 daAuts
     D:4: 12 daAuts
